 Dungeon Crawl Stone Soup version 0.28.0-43-g3370ac3207 (webtiles) character file.

Game seed: 15978245682866173723

6281 pkoi the Arsonist (level 10, 0/69 HPs)
             Began as a Pale Draconian Fire Elementalist on Mar 1, 2022.
             Was an Initiate of Sif Muna.
             Slain by Gastronok (13 damage)
             ... on level 9 of the Dungeon.
             The game lasted 00:20:24 (17263 turns).

pkoi the Arsonist (DrFE)                           Turns: 17263, Time: 00:20:25

Health: 0/69       AC:  9    Str: 10    XL:     10   Next: 63%
Magic:  2/18       EV: 12    Int: 20    God:    Sif Muna [......]
Gold:   439        SH:  0    Dex: 12    Spells: 9/19 levels left

rFire   . . .      SeeInvis .   i - staff of conjuration
rCold   . . .      Faith    .   (no shield)
rNeg    + . .      Spirit   .   (armour unavailable)
rPois   .          Reflect  .   (helmet restricted)
rElec   .          Harm     .   (no cloak)
rCorr   .          Rampage  .   (no gloves)
Will    .....                   t - +1 pair of boots
Stlth   ++........              s - amulet of the acrobat
HPRegen 0.21/turn               k - ring of positive energy
MPRegen 0.16/turn               (no ring)

@: short of breath
A: breathe steam, AC +7, unfitting armour, cold-blooded, steam resistance
a: Breathe Steam, Renounce Religion


You were on level 9 of the Dungeon.
You worshipped Sif Muna.
Sif Muna was noncommittal.
You visited 2 branches of the dungeon, and saw 10 of its levels.

You collected 439 gold pieces.

Inventory:

Hand Weapons
 a - a +1 dagger of freezing
Missiles
 b - 8 curare-tipped darts
Armour
 t - a +1 pair of boots (worn)
Magical Staves
 i - a staff of conjuration (weapon)
Jewellery
 k - a ring of positive energy (left hand)
 s - an amulet of the acrobat (around neck)
Wands
 l - a wand of iceblast (5)
 u - a wand of acid (15)
Scrolls
 c - a scroll of magic mapping
 e - a scroll of teleportation
 g - a scroll of summoning
 h - a scroll of blinking
 o - 4 scrolls of amnesia
Potions
 f - 2 potions of heal wounds
 j - 4 potions of brilliance
 m - a potion of flight
 q - 2 potions of curing
 r - 2 potions of haste


   Skills:
 + Level 2.5 Dodging
 + Level 2.6 Stealth
 + Level 5.3 Spellcasting
 + Level 10.7 Conjurations
 - Level 12.0 Fire Magic


You had 9 spell levels left.
You knew the following spells:

 Your Spells              Type           Power      Damage    Failure   Level
a - Foxfire               Conj/Fire      100%       2x1d9     1%          1
b - Scorch                Fire           100%       2d10      1%          2
c - Conjure Flame         Conj/Fire      66%        6-21      1%          3
d - Flame Wave            Conj/Fire      66%        2d12      1%          4

Your spell library contained the following spells:

 Spells                   Type           Power      Damage    Failure   Level
 Inner Flame              Hex/Fire       29%        N/A       2%          3
 Pain                     Necr           20%        1d5       11%         1
 Ensorcelled Hibernation  Hex/Ice        10%        N/A       17%         2
 Passwall                 Tmut/Erth      4%         N/A       17%         2
 Spider Form              Tmut/Pois      5%         N/A       32%         3
 Summon Guardian Golem    Hex/Summ       5%         N/A       32%         3
 Swiftness                Air            5%         N/A       32%         3
 Anguish                  Hex/Necr       2%         N/A       73%         4
 Petrify                  Tmut/Erth      5%         N/A       73%         4
 Orb of Destruction       Conj           32%        9d10      75%         7
 Agony                    Necr           5%         N/A       97%         5
 Excruciating Wounds      Necr           2%         N/A       97%         5
 Metabolic Englaciation   Hex/Ice        2%         N/A       97%         5
 Statue Form              Tmut/Erth      3%         N/A       100%        6
 Spellforged Servitor     Conj/Summ      20%        N/A       100%        7


Dungeon Overview and Level Annotations

Branches:
Dungeon (9/15)             Temple (1/1) D:5
   Lair: D:8-11         Orc: D:9-12

Altars:
Ashenzari
Cheibriados
Dithmenos
Elyvilon
Fedhas
Gozag
Kikubaaqudgha
Makhleb
Nemelex Xobeh
Okawaru
Qazlal
Ru
Sif Muna
Trog
Uskayaw
Yredelemnul
Zin
Lugonu

Shops:
D:3 (   D:7 *   D:8 ?

Annotations:
D:5 2 transporters, issech's ghost, amateur TrMo
D:9 Gastronok


Innate Abilities, Weirdness & Mutations

You can breathe blasts of scalding, opaque steam.
Your pale cyan-grey scales are hard. (AC +7)
You cannot fit into any form of body armour.
You are cold-blooded and may be slowed by cold attacks.
You are immune to the effects of steam.


Message History

Gastronok is heavily wounded. (Press . to intensify the flame waves.) Unknown command.
A wave of flame ripples out!
The flame wave engulfs Gastronok!!
Gastronok is burned terribly!
Gastronok is heavily wounded.
Gastronok misses you.
Unknown command.
A wave of flame ripples out!
The flame wave engulfs Gastronok!
Gastronok is burned terribly!
Gastronok is severely wounded.
You finish channelling waves of flame.
Unknown command.
Gastronok misses you.
You hit Gastronok but do no damage.
Gastronok is severely wounded.
Gastronok waves his eye-stalks in wide circles.
The air twists around and strikes you!!
* * * LOW HITPOINT WARNING * * *
You barely miss Gastronok.
Gastronok is severely wounded.
You hit Gastronok but do no damage.
You tail-slap Gastronok, but do no damage.
You punch Gastronok, but do no damage.
Gastronok is severely wounded.
Gastronok waves his eye-stalks in wide circles.
The air twists around and strikes you!!
* * * LOW HITPOINT WARNING * * *
Aiming: Breathe Steam (1% risk of failure)
Press: ? - help, Shift-Dir - straight line You exhale a blast of scalding steam.
The ball of steam hits Gastronok!
Gastronok is severely wounded.
Unknown command.
Casting: Flame Wave (dangerous; 1% risk of failure)
Confirm with . or Enter, or press ? or * to list all spells.
Flames lash Gastronok.
Gastronok is burned terribly!
Gastronok is severely wounded.
Gastronok is engulfed in a cloud of scalding steam.
Gastronok bites you!
You die...

#....†....# #....
#....<....# #####
##'#####.## ### #.#
#.#.#########..
#.###>#........#...
#.....########.#(.#
#..##.# #.#.##
#...#.########.####
#.@.#..[...........
#w#.##########.####
#§#.# #..... #.#.#
######## #.#.#
#.....# ..#.#
#.###.# ....# #.#
#.## ##### #.# #...
###.# ####


You could see Gastronok (swift, combustible).

Vanquished Creatures
  A two-headed ogre (D:8)
  A cyclops (D:6)
  Joseph (D:8)
  A hornet (D:8)
  7 yaks
  3 wyverns (D:8)
  Grum (D:8)
  A steam dragon (D:6)
  2 orc warriors
  3 sky beasts
  3 black bears
  4 ice beasts
  3 necrophages
  4 wolves (D:8)
  A kobold brigand (D:8)
  3 bullfrogs
  Blork the orc (D:6)
  A gnoll sergeant (D:8)
  2 water moccasin skeletons
  A centaur zombie (D:7)
  4 hounds
  A jelly (D:6)
  2 orc priests
  2 gnoll shamans
  A centaur skeleton (D:7)
  A bullfrog skeleton (D:6)
  3 iguanas
  4 orc wizards
  A killer bee zombie (D:7)
  A hound zombie (D:5)
  A hound skeleton (D:4)
  A howler monkey zombie (D:8)
  Robin (D:2)
  8 gnolls
  7 adders
  A howler monkey skeleton (D:6)
  2 shadow imps (D:6)
  A white imp (D:8)
  2 worms (D:2)
  3 dart slugs
  31 orcs
  3 bats (D:2)
  6 endoplasms
  5 giant cockroaches
  18 goblins
  9 hobgoblins
  9 jackals
  7 quokkas
  5 ball pythons
  A frilled lizard (D:3)
  10 kobolds
  4 rats
  A butterfly (D:5)
200 creatures vanquished.

Vanquished Creatures (collateral kills)
  2 foxfires
2 creatures vanquished.

Vanquished Creatures (others)
  603 foxfires
603 creatures vanquished.

Grand Total: 805 creatures vanquished

Notes
Turn   | Place    | Note
-------+----------+-------------------------------------------
     0 | D:1      | pkoi the Draconian Fire Elementalist began the quest for
                  | the Orb.
     0 | D:1      | Reached XP level 1. HP: 14/14 MP: 3/3
    90 | D:1      | Reached XP level 2. HP: 12/20 MP: 1/5
  1041 | D:2      | Reached XP level 3. HP: 26/26 MP: 3/6
  1302 | D:2      | Found a faded altar of an unknown god.
  1878 | D:2      | Reached XP level 4. HP: 27/33 MP: 3/7
  2073 | D:2      | Learned a level 2 spell: Scorch
  2077 | D:2      | Learned a level 3 spell: Conjure Flame
  2242 | D:2      | Reached skill level 4 in Fire Magic
  2409 | D:2      | Noticed Robin
  2416 | D:2      | Killed Robin
  3497 | D:3      | Found Weceru Xawism's Weapon Emporium.
  4228 | D:3      | Found a shadowy altar of Dithmenos.
  4540 | D:4      | Reached XP level 5. HP: 31/38 MP: 5/9
  5075 | D:4      | Found a broken altar of Ashenzari.
  5733 | D:4      | Reached XP level 6. HP: 43/45 MP: 10/10
  6560 | D:5      | Entered Level 5 of the Dungeon
  6572 | D:5      | Reached skill level 5 in Fire Magic
  6638 | D:5      | Noticed issech's ghost (amateur TrMo)
  6639 | D:5      | Found a transporter.
  6646 | D:5      | Noticed an ice beast
  6649 | D:5      | Killed an ice beast
  6862 | D:5      | Noticed a yak
  6862 | D:5      | Noticed a yak
  6862 | D:5      | Noticed a yak
  6907 | D:5      | Killed a yak
  6908 | D:5      | Reached skill level 5 in Conjurations
  6908 | D:5      | Your scales start taking on a pale cyan-grey colour.
  6908 | D:5      | Reached skill level 6 in Fire Magic
  6908 | D:5      | Reached XP level 7. HP: 3/50 MP: 2/11
  6908 | D:5      | Gained mutation: You are immune to the effects of steam.
                  | [Pale Draconian growth]
  7204 | D:5      | Learned a level 4 spell: Flame Wave
  7235 | D:5      | Found a transporter.
  7403 | D:4      | Killed a yak
  7615 | D:5      | Killed a yak
  7616 | D:5      | Reached skill level 7 in Fire Magic
  8031 | D:5      | Found a staircase to the Ecumenical Temple.
  8037 | Temple   | Entered the Ecumenical Temple
  8711 | D:6      | Noticed Blork the orc
  9076 | D:6      | Noticed a steam dragon
  9099 | D:6      | Killed a steam dragon
  9100 | D:6      | Reached XP level 8. HP: 33/57 MP: 2/12
  9392 | D:6      | Reached skill level 8 in Fire Magic
 10189 | D:6      | Killed Blork the orc
 10639 | D:6      | Reached skill level 9 in Fire Magic
 10673 | D:6      | Found a sparkling altar of Nemelex Xobeh.
 10938 | D:6      | Noticed a cyclops
 11147 | D:6      | Killed a cyclops
 11148 | D:6      | Reached XP level 9. HP: 50/62 MP: 1/13
 11282 | D:7      | Reached skill level 10 in Fire Magic
 11840 | D:7      | Found a white marble altar of Elyvilon.
 12278 | D:7      | Found a burning altar of Makhleb.
 12420 | D:7      | Found Ywohiru's Island Escapes.
 13794 | D:8      | Found a shimmering blue altar of Sif Muna.
 13835 | D:8      | Became a worshipper of Sif Muna the Loreminder
 14060 | D:8      | Reached skill level 11 in Fire Magic
 14415 | D:8      | Noticed Joseph
 14423 | D:8      | Killed Joseph
 14762 | D:8      | Noticed a two-headed ogre
 14781 | D:8      | Killed a two-headed ogre
 14782 | D:8      | Reached skill level 10 in Conjurations
 14782 | D:8      | Reached XP level 10. HP: 15/69 MP: 4/16
 15187 | D:8      | Found Keotew's Magic Scroll Boutique.
 15188 | D:8      | Noticed Grum
 15458 | D:8      | Killed Grum
 16189 | D:8      | Reached skill level 5 in Spellcasting
 16764 | D:8      | Reached skill level 12 in Fire Magic
 17246 | D:9      | Noticed Gastronok
 17263 | D:9      | Slain by Gastronok

Illustrated notes

Levels and vault maps discovered:
D:1:      minmay_arrival_shattered_statue, layout_basic,
          amcnicky_mini_pool_small, minmay_pentomino_q4
D:2:      layout_rooms, basic_ecumenical_altar, uniq_robin
D:3:      layout_loops_corners, mainiacjoe_overflow_tiny_flanked, serial_shops,
          nicolae_shop_hallway_plus
D:4:      layout_loops_ring, nicolae_ashenzari_panopticon,
          minmay_misc_feat_room, wad_rectangle_vault
D:5:      layout_basic, minmay_temple_entry_butterflies,
          gammafunk_ghost_mausoleum, minivault_26
D:6:      layout_basic, nemelex_spade_bored_becter, grunt_potential,
          uniq_blork_the_orc
D:7:      layout_basic, mainiacjoe_overflow_24_doors, elyvilon_altar_5,
          nicolae_island_escapes
D:8:      layout_rooms, nicolae_sif_muna_condensation, serial_shops, shop,
          nicolae_two_hexagons, kennysheep_kite_vault, uniq_grum, uniq_joseph
D:9:      gammafunk_jiyva_shrine, layout_basic, amethyst_overflow_temple_binary,
          nzn_wu_jian_council_hall, uniq_prince_ribbit1, uniq_gastronok
Temple:   kb_corrupted_temple

Skill      XL: |  1  2  3  4  5  6  7  8  9 10 |
---------------+-------------------------------+-----
Conjurations   | 2 3 5 6 8 10 | 10.7
Fire Magic     | 4 6 7 9 11 12 | 12.0
Spellcasting   | 3 4 5 |  5.3
Dodging        | 2 |  2.5
Stealth        | 2 |  2.6

Action                   |  1- 3 |  4- 6 |  7- 9 | 10-12 || total
-------------------------+-------+-------+-------+-------++-------
Melee: Dagger            |    50 |    75 |    56 |       ||   181
       Tailslap          |    10 |    12 |     8 |     2 ||    32
       Unarmed           |     2 |       |       |       ||     2
       Punch             |       |     1 |       |     1 ||     2
       Staff             |       |       |     4 |    10 ||    14
 Cast: Foxfire           |    44 |   117 |   139 |    43 ||   343
       Scorch            |       |     7 |    70 |    35 ||   112
       Conjure Flame     |       |       |     4 |       ||     4
       Flame Wave        |       |       |     2 |     9 ||    11
 Abil: Breathe Steam     |       |       |     7 |     1 ||     8
  Use: Scroll            |       |       |    14 |     3 ||    17
       Potion            |       |       |     5 |       ||     5
 Stab: Sleeping          |     1 |     1 |       |       ||     2
Armor: Skin              |    17 |    40 |    30 |    11 ||    98
Dodge: Dodged            |    33 |    59 |    99 |    38 ||   229
